 Dungeon Crawl Stone Soup version 0.27-a0-871-g6d840cc (webtiles) character file.

Game seed: 11286582443985894655

268 Nithhogg the Slasher (level 6, -6/50 HPs)
             Began as a Barachi Fighter on Apr 2, 2021.
             Mangled by Nithhogg's ghost (11 damage)
             ... on level 3 of the Dungeon.
             The game lasted 00:03:43 (2802 turns).

Nithhogg the Slasher (Barachi Fighter)              Turns: 2802, Time: 00:03:44

Health: -6/50      AC:  7    Str: 19    XL:     6   Next: 21%
Magic:  6/6        EV: 10    Int:  9    God:
Gold:   132        SH:  0    Dex: 11    Spells: 5/5 levels left

rFire    . . .     SeeInvis .   a - +1 long sword
rCold    . . .     Faith    .   (no shield)
rNeg     . . .     Spirit   .   b - +0 scale mail
rPois    .         Reflect  .   (no helmet)
rElec    .         Harm     .   (no cloak)
rCorr    .         Rampage  .   (no gloves)
Will     .....                  (no boots)
Stlth    ..........             (no amulet)
HPRegen  0.16/turn              (no ring)
MPRegen  0.10/turn              (no ring)

@: slow
A: +LOS, amphibious, slowness 1, strong legs 1
a: Hop


You were on level 3 of the Dungeon.
You visited 1 branch of the dungeon, and saw 3 of its levels.

You collected 132 gold pieces.

Inventory:

Hand Weapons
 a - a +1 long sword (weapon)
Armour
 b - a +0 scale mail (worn)
 c - a +0 kite shield
Scrolls
 e - 2 scrolls of identify
Potions
 d - a potion of attraction {unknown}
 f - 2 potions of curing
 g - a potion of resistance {unknown}


   Skills:
 + Level 4.8 Fighting
 * Level 5.1 Long Blades
 + Level 4.8 Armour
 + Level 2.7 Dodging
 - Level 3.2 Shields


You had 5 spell levels left.
You didn't know any spells.
Your spell library was empty.

Dungeon Overview and Level Annotations

Branches:
Dungeon (3/15)

Altars:
Qazlal

Annotations:
D:3 Nithhogg's ghost, amateur BaFi


Innate Abilities, Weirdness & Mutations

You can be seen from farther away. (+LOS)
You are amphibious.
You cover ground slowly.
You can hop short distances.


Message History

Nithhogg's ghost hits you.
You hit Nithhogg's ghost but do no damage.
Nithhogg's ghost is heavily damaged.
Nithhogg's ghost hits you! x2
* * * LOW HITPOINT WARNING * * *
You are too injured to fight recklessly!
You are too injured to fight recklessly!
You are too injured to fight recklessly!
You are too injured to fight recklessly!
You are too injured to fight recklessly!
You are too injured to fight recklessly!
You are too injured to fight recklessly!
You are too injured to fight recklessly!
You are too injured to fight recklessly!
You are too injured to fight recklessly!
You are too injured to fight recklessly!
You are too injured to fight recklessly!
You are too injured to fight recklessly!
You are too injured to fight recklessly!
Press: ? - help, v - describe, . - travel
Here: Nithhogg's ghost (heavily damaged)
The floor.
You feel better. Nithhogg's ghost hits you!
You closely miss Nithhogg's ghost.
Nithhogg's ghost is heavily damaged.
Nithhogg's ghost hits you but does no damage.
You barely miss Nithhogg's ghost.
Nithhogg's ghost is heavily damaged.
Nithhogg's ghost barely misses you.
You riposte.
You hit Nithhogg's ghost but do no damage.
Nithhogg's ghost is heavily damaged.
You barely miss Nithhogg's ghost.
Nithhogg's ghost is heavily damaged.
Nithhogg's ghost hits you but does no damage.
You barely miss Nithhogg's ghost.
Nithhogg's ghost is heavily damaged.
Nithhogg's ghost hits you!
* * * LOW HITPOINT WARNING * * *
Nithhogg's ghost hits you!
You die...

#.#.....#.########.#...##.#..#
#...#.....................#(.#
###.#............#.#.######..#
........#)######.#.#.........#
###.....#)#......#.......###.#
#.#.....#.#......#...........#
..#...#.#.#......#.......#####
#.##.##...######.#.......####
#.##......# #@#..........#
#.#####...# #W####.......#
........#.# #Z# #..)....#
..#####.#># #Z# #.......#
......#.### ##Z############
#####.#.# #.....# #.#.#
#.....# #####.#.#######.....#
........#...........#


You could see Nithhogg's ghost, a centaur zombie, a bullfrog skeleton and a
centaur skeleton.

Vanquished Creatures
  Sigmund (D:2)
  An orc wizard (D:3)
  An adder (D:2)
  2 worms
  A dart slug (D:2)
  4 orcs (D:3)
  4 endoplasms
  A giant cockroach (D:1)
  8 goblins
  5 hobgoblins
  3 jackals (D:2)
  7 kobolds
  2 quokkas (D:1)
  4 ball pythons
  6 bats
  A frilled lizard (D:2)
  12 rats
63 creatures vanquished.

Notes
Turn   | Place    | Note
-------+----------+-------------------------------------------
     0 | D:1      | Nithhogg the Barachi Fighter began the quest for the Orb.
     0 | D:1      | Reached XP level 1. HP: 18/18 MP: 1/1
   290 | D:1      | Reached XP level 2. HP: 21/25 MP: 2/2
   498 | D:1      | Reached skill level 3 in Long Blades
   714 | D:1      | Reached skill level 1 in Dodging
   906 | D:1      | Reached XP level 3. HP: 30/30 MP: 3/3
  1254 | D:2      | Noticed Sigmund
  1262 | D:2      | Killed Sigmund
  1263 | D:2      | Reached skill level 4 in Long Blades
  1263 | D:2      | Reached XP level 4. HP: 24/38 MP: 4/4
  1263 | D:2      | Reached XP level 5. HP: 27/43 MP: 5/5
  1548 | D:2      | Found a faded altar of an unknown god.
  2133 | D:3      | Reached XP level 6. HP: 36/49 MP: 6/6
  2291 | D:3      | Reached skill level 5 in Long Blades
  2508 | D:3      | Found a runed translucent gate.
  2508 | D:3      | Found a runed translucent gate.
  2508 | D:3      | Found a runed translucent gate.
  2511 | D:3      | Noticed Nithhogg's ghost (amateur BaFi)
  2692 | D:3      | Found a stormy altar of Qazlal.
  2802 | D:3      | Mangled by Nithhogg's ghost

Illustrated notes

Levels and vault maps discovered:
D:1:      nzn_arrival_water_spiral, layout_basic
D:2:      layout_loops_cross, basic_ecumenical_altar, kennysheep_generic_room_7,
          uniq_sigmund
D:3:      layout_basic, lemuel_coloured_pillars_altar,
          gammafunk_ghost_necromancy

Skill      XL: |  1  2  3  4  5  6 |
---------------+-------------------+-----
Long Blades    | 3 4 5 |  5.1
Dodging        | 1 2 |  2.7
Fighting       | 4 |  4.8
Armour         | 4 |  4.8
Shields        | |  3.2

Action                   |  1- 3 |  4- 6 || total
-------------------------+-------+-------++-------
Melee: Long sword        |   106 |   119 ||   225
  Use: Potion            |     1 |     1 ||     2
       Scroll            |       |     4 ||     4
Armor: Scale mail        |    58 |    56 ||   114
Dodge: Dodged            |    68 |    62 ||   130
       Rpst.: Long sword |    20 |    20 ||    40

Table legend: (Time is in decaauts)
 A = Elapsed time spent in this place.
 B = Non-inter-level travel time spent in this place.
 C = Inter-level travel time spent in this place.
 D = Time resting spent in this place.
 E = Time spent auto-exploring this place.
 F = Levels seen in this place.
 G = Mean time per level.
                   A        B        C        D        E       F      G
               +--------+--------+--------+--------+--------+-----+--------+
         Total |   3161 |   3112 |     49 |      0 |   2563 |   3 | 1053.7 |
       Dungeon |   3161 |   3112 |     49 |      0 |   2563 |   3 | 1053.7 |
               +--------+--------+--------+--------+--------+-----+--------+

Top non-repeatable levels by time:
     D:1: 1187 daAuts
     D:2: 1158 daAuts
     D:3: 816 daAuts
